 Dungeon Crawl Stone Soup version 0.31.0-9-g3a7656b989 (webtiles) character file.

Game seed: 7238564204042894868

149 qw the Skirmisher (level 5, 0/29 HPs)
             Began as a Deep Elf Hunter on Feb 2, 2024.
             Slain by a goblin
             ... wielding a +0 spear
             ... led by Robin
              (2 damage)
             ... on level 3 of the Dungeon.
             The game lasted 00:00:06 (1779 turns).

qw the Skirmisher (Deep Elf Hunter)                 Turns: 1779, Time: 00:00:07

Health: 0/29       AC:  7    Str: 10      XL:     5   Next: 9%
Magic:  7/7        EV: 11    Int: 14      God:
Gold:   104        SH:  0    Dex: 17 (18) Spells: 4/4 levels left

rFire   . . .        a - +0 shortbow
rCold   . . .        (shield currently unavailable)
rNeg    . . .        d - +0 ring mail
rPois   .            i - +1 helmet
rElec   .            (no cloak)
rCorr   .            (no gloves)
SInv    .            (no boots)
Will    .....        (no amulet)
Stlth   +            (no ring)
HPRegen 0.24/turn    (no ring)
MPRegen 0.10/turn

%: no passive effects
@: no status effects
A: no striking features
a: no special abilities


You were on level 3 of the Dungeon.
You visited 1 branch of the dungeon, and saw 3 of its levels.

You collected 104 gold pieces.


   Skills:
 - Level 1.5 Fighting
 + Level 8.5 Ranged Weapons
 - Level 2.4 Dodging
 - Level 1.2 Stealth


You had 4 spell levels left.
You didn't know any spells.
Your spell library was empty.

Inventory:

Hand Weapons
 a - a +0 shortbow (weapon)
Armour
 d - a +0 ring mail (worn)
 i - a +1 helmet (worn)
Potions
 h - a potion of curing

Dungeon Overview and Level Annotations

Branches:
Dungeon (3/15)

Altars:

Annotations:
D:3 Robin


Message History

You shoot an arrow. The arrow hits the goblin.
The goblin is severely wounded.
The bat misses you. Robin throws the goblin at you!
The goblin hits you with a +0 club. The goblin completely misses you.
A goblin comes into view. It is wielding a +0 spear.
The goblin shoots a sling bullet.
The sling bullet barely misses you.
You shoot an arrow. The arrow hits the goblin!
You kill the goblin!
The bat hits you but does no damage. Robin throws the goblin at you!
The goblin hits you but does no damage.
The goblin shoots a sling bullet.
The sling bullet misses you.
You shoot an arrow. The arrow misses the goblin.
The bat hits you but does no damage. The bat misses you.
The goblin barely misses you. The goblin hits you with a +0 club.
The goblin shoots a sling bullet.
The sling bullet hits you.
You shoot an arrow. The arrow hits the goblin.
You kill the goblin!
The bat completely misses you. The bat hits you but does no damage.
The goblin completely misses you. The bat misses you.
You shoot an arrow.
The arrow hits the hobgoblin but does no damage.
The bat closely misses you. The bat hits you but does no damage.
The hobgoblin barely misses you. The goblin barely misses you.
Robin throws the goblin at you!
You shoot an arrow. The arrow hits the hobgoblin!
You kill the hobgoblin!
The bat hits you but does no damage.
The goblin hits you but does no damage. x2
The bat hits you. The goblin barely misses you. The goblin misses you.
You shoot an arrow. The arrow completely misses Robin.
The arrow hits the goblin.
The goblin is heavily wounded.
The bat closely misses you. The goblin hits you but does no damage.
The goblin hits you from afar with a +0 spear.
The goblin hits you but does no damage. Robin hits you but does no damage.
You shoot an arrow.
The arrow hits Robin but does no damage.
The goblin no longer looks unusually strong. x2
The bat barely misses you.
The goblin hits you from afar with a +0 spear.
You die...

#...#.# #.#.#.# .#
#.....# . ###.#####
.### #.......# )..
#.###.#.###.## .?#
#...<...##.#.###g.####
#####?##..###bggg....^
#.##.#.#.#@#.##...
#.##.##.##g# ..
#.......##.# ...
####.#####.# .#. #.#
#.. .. #.# ### # #.#
#.# #.#


You could see Robin, 4 goblins and a bat.

Vanquished Creatures
  Jessica (D:2)
  4 gnolls (D:2)
  2 adders
  A dart slug (D:2)
  6 ball pythons
  3 endoplasms
  A giant cockroach (D:2)
  9 goblins
  6 hobgoblins
  10 jackals
  5 kobolds
  2 quokkas (D:1)
  3 bats
  5 frilled lizards
  3 rats
61 creatures vanquished.

Notes
Turn   | Place    | Note
-------+----------+-------------------------------------------
     0 | D:1      | qw the Deep Elf Hunter began the quest for the Orb.
     0 | D:1      | Reached XP level 1. HP: 12/12 MP: 3/3
     0 | D:1      | 0 ||| qw: Version: 0.3-a-155-g5e7d8dd
     0 | D:1      | 0 ||| qw: Game counter: 635
     0 | D:1      | 0 ||| qw: Melee chars always use a shield: true
     0 | D:1      | 0 ||| qw: God list: Okawaru
     0 | D:1      | 0 ||| qw: Allow faded altars: false
     0 | D:1      | 0 ||| qw: Do Orc after clearing Dungeon:15 true
     0 | D:1      | 0 ||| qw: Do second Lair branch before Depths: true
     0 | D:1      | 0 ||| qw: Lair rune preference: random
     0 | D:1      | 0 ||| qw: Goals: Normal
     0 | D:1      | 0 ||| PLANNING D:1-11
   243 | D:1      | Reached skill level 6 in Ranged Weapons
   243 | D:1      | Reached XP level 2. HP: 16/16 MP: 4/4
   978 | D:1      | 978 ||| UPGRADING to +0 ring mail.
   988 | D:1      | 988 ||| DROPPING +0 leather armour.
   989 | D:1      | 989 ||| UPGRADING to +1 helmet.
   994 | D:1      | 994 ||| READING scroll labelled NUAPLUAQUU.
   995 | D:1      | 995 ||| READING scroll labelled ZIDWIMONIX.
   995 | D:1      | 995 ||| IDENTIFYING viscous emerald potion
   996 | D:1      | 996 ||| READING scroll labelled GUIREARYUS.
   997 | D:1      | 997 ||| DRINKING 2 lumpy purple potions.
   998 | D:1      | 998 ||| DRINKING 2 brown potions.
   999 | D:1      | 999 ||| DROPPING scroll of butterflies.
  1000 | D:1      | 1000 ||| DROPPING potion of degeneration.
  1066 | D:2      | Reached XP level 3. HP: 19/20 MP: 5/5
  1090 | D:2      | Noticed Jessica
  1093 | D:2      | Killed Jessica
  1094 | D:2      | Reached skill level 7 in Ranged Weapons
  1206 | D:2      | 1206 ||| RETREEEEATING.
  1208 | D:2      | 1208 ||| RETREEEEATING.
  1211 | D:2      | Reached XP level 4. HP: 25/25 MP: 6/6
  1219 | D:2      | HP: 4/25 [gnoll/+1 antimagic flail (5)]
  1220 | D:2      | 1220 ||| DRINKING potion of heal wounds.
  1224 | D:2      | Reached skill level 8 in Ranged Weapons
  1674 | D:2      | 1674 ||| READING scroll labelled HUR TIYMNEQIA.
  1678 | D:2      | 1678 ||| READING scroll labelled BAOCIN OPAVA.
  1725 | D:3      | Reached XP level 5. HP: 29/29 MP: 7/7
  1764 | D:3      | Noticed Robin
  1774 | D:3      | HP: 7/29 [goblin/+0 club[Robin] (5)]
  1778 | D:3      | HP: 2/29 [goblin/+0 spear[Robin] (5)]
  1779 | D:3      | Slain by a goblin

Levels and vault maps discovered:
D:1:      evilmike_arrival_rings, layout_loops_corners, dk_noncrumbling_4
D:2:      layout_rooms, grunt_ministairs_11, uniq_jessica
D:3:      layout_loops_cross, uniq_robin

Skill      XL: |  1  2  3  4 |
---------------+-------------+-----
Ranged Weapons | 6 7 8 |  8.5
Fighting       | |  1.5
Dodging        | |  2.4
Stealth        | |  1.2

Action                     |  1- 3 |  4- 6 || total
---------------------------+-------+-------++-------
   Fire: Shortbow          |    64 |    71 ||   135
    Use: Scroll            |     3 |     2 ||     5
         Potion            |     2 |     1 ||     3
 Armour: Leather armour    |    11 |       ||    11
         Ring mail         |     2 |    56 ||    58
  Dodge: Dodged            |     5 |    55 ||    60

Table legend:
 A = Non-vault XP
 B = Vault XP
 C = Vault XP percentage of total XP
 D = Non-vault monster count
 E = Vault monster count
 F = Vault count percentage of total count
                 A         B        C        D         E       F
            +---------+---------+-------+---------+---------+-------
      Total |     161 |      52 |  24.4 |      52 |       9 |  14.8
            +---------+---------+-------+---------+---------+-------
        D:1 |      40 |       0 |   0.0 |      25 |       0 |   0.0
        D:2 |     107 |      40 |  27.2 |      26 |       3 |  10.3
        D:3 |      14 |      12 |  46.2 |       1 |       6 |  85.7
            +---------+---------+-------+---------+---------+-------
